 Dungeon Crawl Stone Soup version 0.27.1-33-g824d729ab1 (webtiles) character file.

Game seed: 10448111017734268901

109 MisterFreud the Chopper (level 4, -2/36 (39) HPs)
             Began as a Hill Orc Abyssal Knight on Dec 19, 2021.
             Was a Believer of Lugonu.
             Slain by a necrophage (6 damage)
             ... on level 5 of the Dungeon.
             The game lasted 00:03:28 (2107 turns).

MisterFreud the Chopper (Hill Orc Abyssal Knight)   Turns: 2107, Time: 00:03:29

HP:   -2/36 (39)    AC: 12    Str: 15    XL:     4   Next: 89%
MP:   5/5           EV:  4    Int: 12    God:    Lugonu [**....]
Gold: 77            SH:  0    Dex: 10    Spells: 3/3 levels left

rFire    . . .     SeeInvis .   a - +2 hand axe
rCold    . . .     Faith    .   (no shield)
rNeg     . . .     Spirit   .   f - +0 plate armour
rPois    .         Reflect  .   (no helmet)
rElec    .         Harm     .   (no cloak)
rCorr    .         Rampage  .   (no gloves)
Will     .....                  k - +0 pair of boots
Stlth    ..........             (no amulet)
HPRegen  0.12/turn              (no ring)
MPRegen  0.09/turn              (no ring)

@: drained
A: no striking features
a: Renounce Religion, Depart the Abyss, Bend Space


You were on level 5 of the Dungeon.
You worshipped Lugonu.
Lugonu was pleased with you.
You visited 1 branch of the dungeon, and saw 5 of its levels.
You visited the Abyss 1 time.

You collected 77 gold pieces.

Inventory:

Hand Weapons
 a - a +2 hand axe (weapon)
 g - a +2 short sword of holy wrath
Missiles
 e - 9 poisoned darts
 h - 4 curare-tipped darts
Armour
 b - a +0 leather armour
 f - a +0 plate armour (worn)
 k - a +0 pair of boots (worn)
Potions
 c - a potion of haste
 d - a potion of degeneration {unknown}
 i - a potion of resistance {unknown}
 j - a potion of heal wounds {unknown}
 l - a potion of might {unknown}


   Skills:
 - Level 3.6 Fighting
 + Level 5.2 Axes
 + Level 3.9 Armour
 - Level 0.7 Dodging
 - Level 2.4 Invocations


You had 3 spell levels left.
You didn't know any spells.
Your spell library contained the following spells:

 Spells                   Type           Power      Damage    Failure   Level
 Static Discharge         Conj/Air       0%         N/A       100%        2
 Lightning Bolt           Conj/Air       0%         1d11      100%        5
 Maxwell's Capacitive Co  Air            0%         ∞         100%        8


Dungeon Overview and Level Annotations

Branches:
Dungeon (6/15)
 Temple: D:4-7

Altars:
Ashenzari


Message History

You kill the orc!
Lugonu accepts your kill.
You hit the necrophage.
The necrophage is lightly damaged.
The necrophage hits you but does no damage.
You hit the necrophage.
The necrophage is moderately damaged.
The necrophage hits you.
You hit the necrophage.
The necrophage is moderately damaged.
The necrophage hits you.
You hit the necrophage.
The necrophage is heavily damaged.
The necrophage hits you but does no damage.
You closely miss the necrophage.
The necrophage is heavily damaged.
The necrophage hits you but does no damage.
You hit the necrophage.
The necrophage is severely damaged.
The necrophage hits you but does no damage.
You completely miss the necrophage.
The necrophage is severely damaged.
The necrophage hits you.
You feel drained.
You hit the necrophage.
The necrophage is almost destroyed.
The necrophage hits you but does no damage.
You hit the necrophage.
The necrophage is almost destroyed.
The necrophage hits you.
* * * LOW HITPOINT WARNING * * *
You feel drained.
* * * LOW HITPOINT WARNING * * *
You barely miss the necrophage.
The necrophage is almost destroyed.
The necrophage hits you.
* * * LOW HITPOINT WARNING * * *
You closely miss the necrophage.
The necrophage is almost destroyed.
The necrophage hits you.
You die...

#.....#...
#.....#...
#......... #
#.>....#.
...#.###.#.......
....?....#.......
.................
....####n#.......
... #@#....... .
#.....§^..
...###...≈ ....#
.§§ ....## ≈
...... .###### .#


You could see a necrophage.

Vanquished Creatures
  2 adders
  An ufetubus (D:6)
  A worm (D:2)
  A dart slug (D:1)
  An orc (D:5)
  5 ball pythons
  8 bats
  5 endoplasms
  4 giant cockroaches (D:1)
  10 goblins
  4 hobgoblins
  8 jackals (D:2)
  3 quokkas
  8 frilled lizards
  8 kobolds
  6 rats
75 creatures vanquished.

Notes
Turn   | Place    | Note
-------+----------+-------------------------------------------
     0 | Abyss:1  | MisterFreud the Hill Orc Abyssal Knight began the quest for
                  | the Orb.
     0 | Abyss:1  | Reached XP level 1. HP: 19/19 MP: 2/2
     0 | Abyss:1  | Found a corrupted altar of Lugonu.
    35 | Abyss:1  | Noticed a chaos spawn
    36 | D:1      | Escaped the Abyss
    61 | D:1      | Found a faded altar of an unknown god.
    82 | D:1      | Reached skill level 3 in Axes
   260 | D:1      | Reached XP level 2. HP: 26/26 MP: 3/3
   418 | D:1      | Reached * piety under Lugonu
   517 | D:1      | Reached skill level 4 in Axes
   526 | D:1      | Reached XP level 3. HP: 26/31 MP: 4/4
   873 | D:1      | You fall into a shaft and drop 1 floor!
  1265 | D:2      | Reached ** piety under Lugonu
  1268 | D:2      | Reached XP level 4. HP: 39/39 MP: 5/5
  1857 | D:3      | Reached skill level 5 in Axes
  1858 | D:3      | Found a broken altar of Ashenzari.
  2024 | D:3      | You fall into a shaft and drop 3 floors!
  2043 | D:5      | Entered Level 5 of the Dungeon
  2043 | D:5      | Noticed a sky beast
  2082 | D:5      | Noticed a necrophage
  2107 | D:5      | Slain by a necrophage

Illustrated notes

Levels and vault maps discovered:
D:1:      dpeg_arrival_lava_temple_mockup, layout_rooms,
          ebering_ecumenical_altar_abandoned, minmay_worlds_worst_comb
D:2:      layout_rooms
D:3:      layout_basic, mainiacjoe_overflow_boulevard
D:5:      layout_rooms, nicolae_dithmenos_through_a_glass_darkly,
          lemuel_old_faithful
D:6:      layout_basic, kennysheep_mini_moat, minmay_divided_ellipse,
          uniq_blork_the_orc

Skill      XL: |  1  2  3  4 |
---------------+-------------+-----
Axes           | 3 4 5 |  5.2
Armour         | 3 |  3.9
Fighting       | |  3.6
Dodging        | |  0.7
Invocations    | |  2.4

Action                   |  1- 3 |  4- 6 || total
-------------------------+-------+-------++-------
Melee: Hand axe          |   122 |   101 ||   223
Invok: Depart the Abyss  |     1 |       ||     1
  Use: Scroll            |     5 |     2 ||     7
       Potion            |     1 |       ||     1
Armor: Plate armour      |   120 |   125 ||   245
Dodge: Dodged            |    40 |    37 ||    77
